 Dungeon Sprint DCSS version 0.22.1-2-g9c5b331 (webtiles) character file.

25979 diana the End of an Era (level 12, 0/107 HPs)
             Began as a Demonspawn Gladiator on Dec 15, 2018.
             Was the Champion of Qazlal.
             Slain by a water elemental (14 damage)
             ... in the Dungeon (Sprint VII: "The Pits").
             The game lasted 00:12:22 (3867 turns).

diana the End of an Era (Demonspawn Gladiator)      Turns: 3867, Time: 00:12:23

Health: 0/107      AC: 26    Str: 26    XL:     12   Next: 94%
Magic:  7/27       EV: 12    Int:  9    God:    Qazlal [******]
Gold:   24         SH:  8    Dex: 14    Spells: 11/11 levels left

rFire    + . .     SeeInvis .   t - +1 broad axe (elec)
rCold    . . .     Gourm    .   (no shield)
rNeg     . . .     Faith    .   u - +4 chain mail {rPois}
rPois    +         Spirit   .   (helmet unavailable)
rElec    .         Reflect  .   D - +0 cloak
rCorr    .         Harm     .   (no gloves)
MR       .....     NoTele   +   (no boots)
Stlth    ..........             (no amulet)
HPRegen  0.27/turn              (no ring)
MPRegen  0.20/turn              (no ring)

@: mighty, protected from fire, sanguine armour, repel missiles
A: horns 3, powered by pain 1, rot immunity, sanguine armour 2
a: Upheaval, Elemental Force, Disaster Area, Renounce Religion


You were in the Dungeon.
You worshipped Qazlal.
Qazlal was exalted by your worship.
You were not hungry.

You visited 1 branch You collected 24 gold pieces.

Inventory:

Hand Weapons
 a - a +0 war axe
 p - a +2 hand axe of freezing
 t - a +1 broad axe of electrocution (weapon)
Missiles
 d - 4 throwing nets (quivered)
Armour
 b - a +0 leather armour
 c - a +0 helmet
 q - a +3 scale mail
 u - a +4 chain mail of poison resistance (worn)
 v - a +4 scale mail
 D - a +0 cloak (worn)
Jewellery
 r - a +3 ring of strength
 s - a +3 ring of intelligence
 C - an uncursed ring of protection from magic
Scrolls
 k - 3 scrolls of blinking
 m - 4 scrolls of remove curse
 n - 5 scrolls of amnesia
 o - a scroll of summoning
 w - 3 scrolls of identify
 y - 2 scrolls of fear
 A - 2 scrolls of fog
Potions
 e - 12 potions of curing
 g - 11 potions of heal wounds
 h - 3 potions of haste
 i - 4 potions of magic
 j - 3 potions of berserk rage
 l - 2 potions of invisibility
 x - a potion of resistance
 z - a potion of agility
 B - a potion of brilliance
Comestibles
 f - 9 rations


   Skills:
 + Level 14.1 Fighting
 * Level 17.7 Axes
 - Level 1.7 Throwing
 + Level 12.1 Armour
 + Level 6.3 Dodging
 * Level 22.8 Invocations


You had 11 spell levels left.
You didn't know any spells.
Your spell library was empty.

Dungeon Overview and Level Annotations

Branches:
Dungeon (1/1)

Altars:
Ashenzari
Cheibriados
Dithmenos
Elyvilon
Fedhas
Gozag
Hepliaklqana
Kikubaaqudgha
Makhleb
Nemelex Xobeh
Okawaru
Qazlal
Ru
Sif Muna
Trog
Uskayaw
Vehumet
Wu Jian
Xom
Yredelemnul
Zin
The Shining One
Beogh
Jiyva
Lugonu


Innate Abilities, Weirdness & Mutations

You have a pair of large horns on your head.
You sometimes gain a little power by taking damage.
You are immune to rotting.
When seriously injured, your bleeding wounds create thick armour. (AC +9)


Message History

The lindwurm closely misses you. You block the lindwurm's attack.
The lindwurm claws you but does no damage.
The dream sheep ruffle their wool and motes of dream dust sparkle, to no
Found a +2 scale mail of positive energy.
Things that are here:
a wand of paralysis (12); a dream sheep corpse You slash the lindwurm!
Lightning courses through the lindwurm!
The lindwurm is severely wounded.
You slash the water elemental! You closely miss the dream sheep.
The dream sheep shake their wool and sparkle.
You feel drowsy...
You fall asleep.
The lindwurm breathes flames at you. The blast of flame hits you!
You feel protected from fire.
You wake up.
* * * LOW HITPOINT WARNING * * *
You focus on the pain.
You feel very mighty all of a sudden. The water elemental hits you!
You die...

######################
#....................+
#....................+
#..################..#
#..# #)#.#.#.#..# #..#
#Y#.#)##..# #..#
#@#[#†#)†# #..#
#k#E#[#).†# #..#
#Y#.#.#)#..#
#..################.(#
####....................#
_.##....................#
_.###########''##########
..###########''##########
#'##................##..#


You could see a lindwurm, a water elemental and 2 dream sheep.

Vanquished Creatures
  An emperor scorpion (D)
  A vampire knight (D)
  A merfolk javelineer (D)
  A fire dragon (D)
  Harold (D)
  A hydra (D)
  An alligator snapping turtle (D)
  An anaconda (D)
  2 catoblepae (D)
  A merfolk aquamancer (D)
  A deep elf knight (D)
  A shadow wraith (D)
  2 sea snakes (D)
  A cherub (D)
  A swamp dragon (D)
  A flayed ghost (D)
  2 lindwurms (D)
  A wizard (D)
  2 deep elf magi (D)
  2 cyclopes (D)
  A molten gargoyle (D)
  2 spiny frogs (D)
  An orange demon (D)
  A gargoyle (D)
  2 kobold demonologists (D)
  A yaktaur (D)
  An ice devil (D)
  A red devil (D)
  A demonic crawler (D)
  2 guardian mummies (D)
  A freezing wraith (D)
  A troll (D)
  A jumping spider (D)
  A wind drake (D)
  2 hornets (D)
  3 blink frogs (D)
  3 merfolk (D)
  3 dream sheep (D)
  3 water elementals (D)
  5 spriggans (D)
  A shadow (D)
  A wyvern (shapeshifter) (D)
  A wyvern (D)
  A fire bat (D)
  2 steam dragons (D)
  3 vampire mosquitoes (D)
  2 hungry ghosts (D)
  An acid dragon (D)
  A water moccasin (D)
  2 floating eyes (D)
  A phantom (D)
  A necrophage (D)
  3 centaurs (D)
  A wolf (D)
  A crocodile (D)
  2 big kobolds (D)
  A bullfrog (D)
  8 killer bees (D)
  A jelly (D)
  An iron imp (D)
  A hell rat (D)
  A gnoll (D)
  3 adders (D)
  A white imp (D)
  An ufetubus (D)
  3 oozes (D)
  A worm (D)
  An adder simulacrum (D)
  A leopard gecko (D)
  3 goblins (D)
  2 jackals (D)
  A kobold (D)
  A quokka (D)
  A ball python simulacrum (D)
  A quokka simulacrum (D)
118 creatures vanquished.

Notes
Turn   | Place    | Note
-------+----------+-------------------------------------------
     0 | D        | diana the Demonspawn Gladiator began the quest for the Orb.
     0 | D        | Reached XP level 1. HP: 16/16 MP: 1/1
    16 | D        | Gained mutation: You have a pair of small horns on your
                  | head. [demonic ancestry]
    16 | D        | Reached XP level 2. HP: 14/24 MP: 2/2
   169 | D        | Found a bloodstained altar of Trog.
   169 | D        | Found a deep blue altar of Sif Muna.
   169 | D        | Found a viscous altar of Jiyva.
   169 | D        | Found a hazy altar of Hepliaklqana.
   169 | D        | Found an opulent altar of Gozag.
   170 | D        | Found a glowing golden altar of the Shining One.
   170 | D        | Found a glowing silver altar of Zin.
   170 | D        | Found a basalt altar of Yredelemnul.
   170 | D        | Found a shimmering altar of Xom.
   170 | D        | Found an ornate altar of the Wu Jian Council.
   170 | D        | Found a sacrificial altar of Ru.
   170 | D        | Found a stormy altar of Qazlal.
   170 | D        | Found an iron altar of Okawaru.
   170 | D        | Found a sparkling altar of Nemelex Xobeh.
   170 | D        | Found a burning altar of Makhleb.
   170 | D        | Found a blossoming altar of Fedhas.
   170 | D        | Found a white marble altar of Elyvilon.
   170 | D        | Found a shadowy altar of Dithmenos.
   170 | D        | Found a snail-covered altar of Cheibriados.
   172 | D        | Found a radiant altar of Vehumet.
   172 | D        | Found a corrupted altar of Lugonu.
   172 | D        | Found a roughly hewn altar of Beogh.
   173 | D        | Found a hide-covered altar of Uskayaw.
   173 | D        | Found an ancient bone altar of Kikubaaqudgha.
   173 | D        | Found a shattered altar of Ashenzari.
   176 | D        | Became a worshipper of Qazlal Stormbringer
   322 | D        | Reached * piety under Qazlal
   322 | D        | Noticed a floating eye
   324 | D        | Killed a floating eye
   324 | D        | Reached skill level 5 in Fighting
   324 | D        | Reached skill level 6 in Invocations
   324 | D        | Gained mutation: When seriously injured, your bleeding
                  | wounds create armour. (AC +9) [demonic ancestry]
   324 | D        | Reached XP level 3. HP: 31/33 MP: 2/7
   324 | D        | Gained mutation: You have a pair of horns on your head.
                  | [demonic ancestry]
   324 | D        | Reached XP level 4. HP: 36/39 MP: 2/8
   387 | D        | Reached ** piety under Qazlal
   387 | D        | Noticed a floating eye
   388 | D        | Paralysed by a floating eye for 2 turns
   391 | D        | Killed a floating eye
   391 | D        | Reached skill level 8 in Invocations
   391 | D        | Reached XP level 5. HP: 45/46 MP: 8/11
   456 | D        | Noticed a phantom
   459 | D        | Reached *** piety under Qazlal
   464 | D        | Reached skill level 1 in Armour
   464 | D        | Reached skill level 9 in Invocations
   464 | D        | Gained mutation: When seriously injured, your bleeding
                  | wounds create thick armour. (AC +9) [demonic ancestry]
   464 | D        | Reached XP level 6. HP: 49/53 MP: 11/13
   468 | D        | Reached skill level 10 in Invocations
   472 | D        | Reached **** piety under Qazlal
   626 | D        | Noticed a spriggan
   638 | D        | Killed a spriggan
   638 | D        | Reached skill level 11 in Invocations
   638 | D        | Gained mutation: You sometimes gain a little power by
                  | taking damage. [demonic ancestry]
   638 | D        | Reached XP level 7. HP: 39/60 MP: 15/15
   745 | D        | Noticed a deep elf mage
   746 | D        | Noticed a fire elemental
   750 | D        | Noticed a fire elemental
   750 | D        | Noticed a fire elemental
   761 | D        | Reached ***** piety under Qazlal
   761 | D        | Reached skill level 10 in Axes
   761 | D        | Reached skill level 12 in Invocations
   986 | D        | Noticed a guardian mummy
   986 | D        | Noticed a kobold demonologist
   987 | D        | Noticed a rust devil
   990 | D        | Noticed a fire elemental
   990 | D        | Noticed a fire elemental
   991 | D        | Killed a deep elf mage
   991 | D        | Reached skill level 5 in Armour
   991 | D        | Reached skill level 13 in Invocations
   991 | D        | Gained mutation: You have a pair of large horns on your
                  | head. [demonic ancestry]
   991 | D        | Reached XP level 8. HP: 30/69 MP: 17/17
   991 | D        | Killed a guardian mummy
   992 | D        | Killed a kobold demonologist
   992 | D        | Reached skill level 14 in Invocations
  1260 | D        | Noticed a catoblepas
  1261 | D        | Noticed a lindwurm
  1271 | D        | Killed a catoblepas
  1271 | D        | Reached skill level 15 in Invocations
  1271 | D        | Gained mutation: You are immune to rotting. [demonic
                  | ancestry]
  1271 | D        | Reached XP level 9. HP: 59/77 MP: 15/20
  1271 | D        | Killed a lindwurm
  1423 | D        | Noticed a deep elf knight
  1437 | D        | Killed a deep elf knight
  1437 | D        | Reached skill level 10 in Fighting
  1437 | D        | Reached skill level 16 in Invocations
  1562 | D        | Noticed an alligator snapping turtle
  1580 | D        | Killed an alligator snapping turtle
  1580 | D        | Reached XP level 10. HP: 29/86 MP: 18/22
  1848 | D        | Noticed a gargoyle
  1852 | D        | Reached skill level 17 in Invocations
  1853 | D        | Killed a gargoyle
  1898 | D        | Noticed an orange demon
  1898 | D        | Noticed Harold
  1910 | D        | Noticed a cyclops
  1915 | D        | Killed an orange demon
  1917 | D        | Killed Harold
  1917 | D        | Reached skill level 18 in Invocations
  1920 | D        | Reached ****** piety under Qazlal
  1925 | D        | Noticed a cyclops
  1928 | D        | Killed a cyclops
  1929 | D        | Killed a cyclops
  2222 | D        | Reached XP level 11. HP: 87/93 MP: 24/24
  2332 | D        | Noticed a spriggan rider
  2332 | D        | Noticed a swamp dragon
  2333 | D        | Noticed a catoblepas
  2336 | D        | Killed a swamp dragon
  2336 | D        | Reached skill level 19 in Invocations
  2341 | D        | Killed a shadow wraith
  2344 | D        | Reached skill level 15 in Axes
  2348 | D        | Killed a catoblepas
  2353 | D        | Reached skill level 10 in Armour
  2355 | D        | Noticed a lindwurm
  2358 | D        | Killed a lindwurm
  2362 | D        | Reached skill level 20 in Invocations
  2446 | D        | Noticed a flayed ghost
  2453 | D        | Killed a flayed ghost
  2602 | D        | Noticed a merfolk javelineer
  2607 | D        | Killed a merfolk javelineer
  2795 | D        | Noticed a sea snake
  2804 | D        | Killed a sea snake
  2917 | D        | Noticed a deep elf mage
  2924 | D        | Noticed a sea snake
  2931 | D        | Killed a deep elf mage
  2942 | D        | Killed a sea snake
  2942 | D        | Reached skill level 21 in Invocations
  2942 | D        | Reached XP level 12. HP: 60/105 MP: 23/26
  3370 | D        | Noticed a vampire knight
  3387 | D        | Killed a vampire knight
  3804 | D        | Noticed a fire dragon
  3811 | D        | Killed a fire dragon
  3813 | D        | Noticed a six-headed hydra
  3820 | D        | Killed a seven-headed hydra
  3820 | D        | Reached skill level 5 in Dodging
  3820 | D        | Reached skill level 22 in Invocations
  3822 | D        | Noticed an emperor scorpion
  3823 | D        | Noticed an anaconda
  3826 | D        | Killed an emperor scorpion
  3833 | D        | Killed an anaconda
  3835 | D        | Noticed a merfolk aquamancer
  3843 | D        | Killed a merfolk aquamancer
  3867 | D        | Slain by a water elemental

Skill      XL: |  1  2  3  4  5  6  7  8  9 10 11 12 |
---------------+-------------------------------------+-----
Fighting       | 3 5 6 7 8 9 10 11 13 14 | 14.1
Axes           | 4 6 7 8 9 10 12 13 14 16 17 | 17.7
Invocations    | 6 8 9 11 13 15 16 18 21 22 | 22.8
Armour         | 1 3 5 6 7 9 10 12 | 12.1
Dodging        | 6 |  6.3
Throwing       | |  1.7

Action                   |  1- 3 |  4- 6 |  7- 9 | 10-12 || total
-------------------------+-------+-------+-------+-------++-------
Melee: War axe           |    18 |    14 |       |       ||    32
       Headbutt          |     3 |     5 |    16 |    32 ||    56
       Hand axe          |       |    29 |    19 |       ||    48
       Broad axe         |       |       |    26 |   182 ||   208
Invok: Upheaval          |       |       |     5 |    27 ||    32
       Disaster Area     |       |       |     1 |     1 ||     2
  Use: Potion            |       |       |     2 |     5 ||     7
 Stab: Petrified         |       |       |     4 |     7 ||    11
  Eat: Chunk             |       |       |     2 |     6 ||     8
       Ration            |       |       |       |     1 ||     1
Armor: Leather armour    |     4 |     4 |       |       ||     8
       Scale mail        |       |     6 |    10 |       ||    16
       Chain mail        |       |       |     9 |   110 ||   119
Dodge: Dodged            |    12 |    14 |    21 |    72 ||   119
       Deflected         |       |       |     2 |     7 ||     9
Block: Other             |       |     8 |     7 |    54 ||    69
